 Dungeon Crawl Stone Soup version 0.31-a0-221-gbddc013574 (webtiles) character file.

Game seed: 13069785486496164138

786 Tenn86 the Chopper (level 7, -6/61 HPs)
             Began as a Minotaur Fighter on July 4, 2023.
             Mangled by Eustachio
             ... wielding a +3 rapier of electrocution
              (18 damage)
             ... on level 4 of the Dungeon.
             The game lasted 00:10:08 (2703 turns).

Tenn86 the Chopper (Minotaur Fighter)               Turns: 2703, Time: 00:10:10

Health: -6/61      AC:  8    Str: 23    XL:     7   Next: 56%
Magic:  6/6        EV: 10    Int:  5    God:
Gold:   86         SH:  4    Dex:  9    Spells: 6/6 levels left

rFire   . . .        a - +0 war axe
rCold   . . .        c - +0 buckler
rNeg    . . .        b - +0 scale mail
rPois   .            (helmet restricted)
rElec   .            (no cloak)
rCorr   .            h - +0 pair of gloves
SInv    .            (no boots)
Will    .....        g - amulet of regeneration Stlth
                     (no ring)
HPRegen 1.10/turn    (no ring)
MPRegen 0.10/turn

%: no passive effects
@: mighty
A: horns 2, retaliatory headbutt
a: no special abilities


You were on level 4 of the Dungeon.
You visited 1 branch of the dungeon, and saw 4 of its levels.
You also visited: Ossuary.

You collected 86 gold pieces.

Inventory:

Hand Weapons
 a - a +0 war axe (weapon)
Armour
 b - a +0 scale mail (worn)
 c - a +0 buckler (worn)
 h - a +0 pair of gloves (worn)
Jewellery
 g - an amulet of regeneration (around neck)
 o - a ring of flight
Wands
 t - a wand of light (1)
Scrolls
 f - a scroll of torment
 j - a scroll of enchant weapon {unknown}
 l - a scroll of enchant armour {unknown}
 m - 2 scrolls of teleportation {unknown}
 p - a scroll of vulnerability {unknown}
 q - a scroll of identify {unknown}
Potions
 d - 3 potions of might
 e - a potion of berserk rage {unknown}
 i - a potion of lignification {unknown}
 k - 2 potions of curing {unknown}
 n - 2 potions of resistance
 r - 2 potions of brilliance {unknown}
 s - a potion of cancellation {unknown}


   Skills:
 + Level 5.4 Fighting
 + Level 7.4 Axes
 + Level 5.5 Armour
 + Level 2.1 Dodging
 + Level 0.7 Stealth
 + Level 4.7 Shields


You had 6 spell levels left.
You didn't know any spells.
Your spell library contained the following spells:

 Spells                   Type           Power      Damage    Failure   Level
 Sublimation of Blood     Necr           0%         N/A       93%         2
 Wereblood                Tmut           0%         N/A       93%         2
 Summon Hydra             Summ           0%         N/A       100%        7


Dungeon Overview and Level Annotations

Branches:
Dungeon (4/15)            Ossuary (visited)
 Temple: D:4-7

Altars:
Ashenzari

Annotations:
D:4 Eustachio


Innate Abilities, Weirdness & Mutations

You have a pair of horns on your head.
You reflexively headbutt those who attack you in melee.


Message History

The gnoll hits you but does no damage. The iron imp closely misses you.
You hit the iron imp.
You kill the iron imp!
The iron imp disappears in a puff of smoke!
The gnoll barely misses you.
You closely miss the quokka. You slash the quokka!
You kill the quokka!
The quokka's corpse disappears in a puff of smoke!
The bat closely misses you. The gnoll barely misses you.
The quokka bites you but does no damage.
The bat hits you but does no damage.
You miss the quokka. You slash the bat!
You kill the bat!
The bat's corpse disappears in a puff of smoke!
Eustachio gestures wildly while chanting.
The gnoll hits you from afar with a +3 spear.
The quokka bites you.
You hit the quokka.
You kill the quokka!
The quokka's corpse disappears in a puff of smoke!
You completely miss the iron imp.
The iron imp disappears in a puff of smoke!
The gnoll completely misses you. You block the gnoll's attack.
You slash Eustachio!
Eustachio is moderately wounded.
The gnoll hits you from afar with a +3 spear.
* * * LOW HITPOINT WARNING * * *
Eustachio barely misses you. You furiously retaliate!
You headbutt Eustachio. You slash Eustachio!
Eustachio is severely wounded.
The gnoll hits you from afar with a +3 spear.
* * * LOW HITPOINT WARNING * * *
You block Eustachio's attack.
You slash Eustachio!
Eustachio is almost dead.
The gnoll hits you but does no damage.
Eustachio hits you with a +3 rapier of electrocution.
* * * LOW HITPOINT WARNING * * *
You are electrocuted!!
You die...

.... .......#..........##
.... ......#..........##
..... #...###..###....##
..... #...###..###....##
...... #..........#.....#
......##..........#.....#
.....5r#..........# ...##
.....5g@).........# #
.....5##@...##....# .
..... #....##...## # ....
#....##...# # ...
+..........# . ..
#..........# . .
#..........# .
##.....##+# ###+###
...........#....##
..#........


You could see Eustachio (resistant), an iron imp (summoned), a gnoll, an
ufetubus (summoned) and a rat (summoned).

Vanquished Creatures
  3 elf zombies (Ossuary)
  3 vampire bats (D:3)
  2 centaur zombies (Ossuary)
  A human zombie (Ossuary)
  Crazy Yiuf (D:2)
  An orc priest (D:4)
  Ijyb (D:4)
  2 iguanas (D:4)
  Terence (D:2)
  2 mummies (Ossuary)
  4 adders
  2 gnolls (D:4)
  3 adder zombies (Ossuary)
  4 worms
  2 dart slugs
  An orc (D:4)
  6 ball pythons
  4 endoplasms
  6 giant cockroaches
  8 goblins
  11 hobgoblins
  5 quokkas
  9 bats
  A goblin zombie (Ossuary)
  8 hobgoblin zombies (Ossuary)
  A jackal zombie (Ossuary)
  6 kobolds
  10 kobold zombies (Ossuary)
  8 orc zombies (Ossuary)
  6 rats
122 creatures vanquished.

Notes
Turn   | Place    | Note
-------+----------+-------------------------------------------
     0 | D:1      | Tenn86 the Minotaur Fighter began the quest for the Orb.
     0 | D:1      | Reached XP level 1. HP: 19/19 MP: 0/0
    93 | D:1      | Reached XP level 2. HP: 27/27 MP: 1/1
   117 | D:1      | Found a faded altar of an unknown god.
   385 | D:1      | Reached XP level 3. HP: 30/33 MP: 2/2
   601 | D:2      | Reached skill level 3 in Axes
   615 | D:2      | Found a runed translucent door.
   616 | D:2      | Noticed Crazy Yiuf
   621 | D:2      | Killed Crazy Yiuf
   622 | D:2      | Reached XP level 4. HP: 41/41 MP: 3/3
   761 | D:2      | Noticed Terence
   771 | D:2      | Killed Terence
  1437 | D:3      | Found a broken altar of Ashenzari.
  1531 | D:3      | Reached XP level 5. HP: 47/47 MP: 4/4
  1584 | D:3      | Reached skill level 4 in Axes
  1584 | D:3      | Reached skill level 1 in Dodging
  1599 | D:3      | Reached skill level 5 in Armour
  1659 | D:3      | Reached XP level 6. HP: 53/53 MP: 5/5
  2124 | D:4      | Reached skill level 5 in Axes
  2217 | D:4      | Found a sand-covered staircase.
  2234 | Ossuary  | Entered an ossuary
  2358 | Ossuary  | Reached skill level 6 in Axes
  2362 | Ossuary  | Reached skill level 5 in Fighting
  2365 | Ossuary  | Reached XP level 7. HP: 52/61 MP: 6/6
  2586 | D:4      | Reached skill level 7 in Axes
  2611 | D:4      | Noticed Ijyb
  2631 | D:4      | Killed Ijyb
  2671 | D:4      | Noticed Eustachio
  2703 | D:4      | Mangled by Eustachio

Illustrated notes

Levels and vault maps discovered:
D:1:      dpeg_arrival_orchard, layout_rooms,
          dreamdust_ecumenical_altar_hidden_monk_grotto
D:2:      kennysheep_the_goblin_king, layout_loops_ring, uniq_terence,
          uniq_crazy_yiuf_cottage
D:3:      layout_loops_corners, nicolae_ashenzari_skybound, roderic_batcave
D:4:      layout_gridville, okawaru_trees_2,
          lightli_ossuary_entry_decrepit_ruins, uniq_ijyb, uniq_eustachio

Skill      XL: |  1  2  3  4  5  6  7 |
---------------+----------------------+-----
Fighting       | 4 5 |  5.4
Armour         | 4 5 |  5.5
Shields        | 4 |  4.7
Axes           | 3 4 6 7 |  7.4
Dodging        | 1 2 |  2.1
Stealth        | |  0.7

Action                     |  1- 3 |  4- 6 |  7- 9 || total
---------------------------+-------+-------+-------++-------
  Melee: War axe           |    44 |   173 |   100 ||   317
         Headbutt          |     2 |    22 |    18 ||    42
    Use: Scroll            |       |     1 |       ||     1
         Potion            |       |       |     1 ||     1
 Armour: Scale mail        |    22 |    99 |    40 ||   161
  Dodge: Dodged            |    16 |    85 |    43 ||   144
  Block: Buckler           |    12 |    36 |    22 ||    70

Table legend: (Time is in decaauts)
 A = Elapsed time spent in this place.
 B = Non-inter-level travel time spent in this place.
 C = Inter-level travel time spent in this place.
 D = Time resting spent in this place.
 E = Time spent auto-exploring this place.
 F = Levels seen in this place.
 G = Mean time per level.
                   A        B        C        D        E       F      G
               +--------+--------+--------+--------+--------+-----+--------+
         Total |   2789 |   2647 |    142 |      0 |   1823 |   5 |  557.8 |
       Dungeon |   2427 |   2285 |    142 |      0 |   1743 |   4 |  606.8 |
       Ossuary |    362 |    362 |      0 |      0 |     80 |   1 |  362.0 |
               +--------+--------+--------+--------+--------+-----+--------+

Top non-repeatable levels by time:
     D:3: 898 daAuts
     D:2: 768 daAuts
     D:1: 504 daAuts
 Ossuary: 362 daAuts
     D:4: 256 daAuts
